 Dungeon Crawl Stone Soup version 0.22-a0-136-g83a10e5 (webtiles) character file.

15745 sankara the Martial Artist (level 12, -11/116 HPs)
             Began as a Black Draconian Transmuter on Feb 3, 2018.
             Was a Priest of Makhleb.
             Mangled by a six-headed hydra (12 damage)
             ... on level 1 of the Lair of Beasts on Feb 4, 2018.
             The game lasted 01:20:26 (15096 turns).

sankara the Martial Artist (DrTm)                  Turns: 15096, Time: 01:20:27

Health: -11/116    AC:  7    Str: 12    XL:     12   Next: 3%
Magic:  14/18      EV: 12    Int: 18    God:    Makhleb [***...]
Gold:   526        SH:  0    Dex: 15    Spells: 1/19 levels left

rFire    x . .     SeeInvis .     - Unarmed
rCold    + + +     Gourm    .   (shield currently unavailable)
rNeg     . . .     Faith    .   (armour unavailable)
rPois    +         Spirit   .   (helmet currently unavailable)
rElec    .         Reflect  .   (cloak currently unavailable)
rCorr    .         Harm     .   (gloves currently unavailable)
MR       .....     Clarity  +   (boots currently unavailable) Stlth +.........Rnd*Tele +
                                (no amulet)
HPRegen  0.29/turn              i - ring "Fytwisch" {Int+2 Slay+2}
MPRegen  0.16/turn              O - +1 ring of protection

@: ice-form, invisible
A: large, (breathe lightning), unfitting armour, clarity, teleportitis 1, AC +8
a: End Transformation, Minor Destruction, Lesser Servant of Makhleb, Renounce
Religion


You were on level 1 of the Lair of Beasts.
You worshipped Makhleb.
Makhleb was most pleased with you.
You were not hungry.
You were a creature of crystalline ice.
You visited 3 branches of the dungeon, and saw 13 of its levels.

You collected 526 gold pieces.

Inventory:

Hand Weapons
 b - a +1 blowgun
 d - a +0 dagger
 x - a +2 whip of draining
Missiles
 a - 216 arrows
 e - 349 stones
 o - 3 curare-tipped needles
 p - 68 poisoned needles
 r - 2 throwing nets
 w - 5 tomahawks
 A - 5 poisoned tomahawks
 H - 6 steel javelins (quivered)
 M - 58 sling bullets
Armour
 B - a +0 pair of gloves (melded)
 C - a +0 pair of boots (melded)
Magical Staves
 G - an uncursed staff of summoning
Jewellery
 i - the ring "Fytwisch" (left front paw) {Int+2 Slay+2}
   (You acquired it on level 7 of the Dungeon)

   [ring of intelligence]

   It affects your intelligence (+2).
   It affects your accuracy and damage with ranged weapons and melee attacks
   (+2).
 O - a +1 ring of protection (right front paw)
Wands
 j - a wand of polymorph (23)
 s - a wand of disintegration (21)
 t - a wand of acid (17)
 z - a wand of iceblast (4)
 L - a wand of digging (11)
 N - a wand of scattershot (7)
Scrolls
 g - 9 scrolls of identify
 u - 3 scrolls of teleportation
 E - 3 scrolls of remove curse
 K - 2 scrolls of magic mapping {unknown}
 P - a scroll of enchant armour {unknown}
Potions
 f - 3 potions of brilliance
 h - 3 potions of haste
 l - a potion of magic
 n - 2 potions of curing
 q - 3 potions of mutation
 D - 2 potions of flight
 J - a potion of might
Books
 k - a book of Cantrips

   Spells                             Type                      Level
   a - Confusing Touch                Hexes                        1
   b - Animate Skeleton               Necromancy                   1
   c - Summon Small Mammal            Summoning                    1
   d - Apportation                    Translocation                1
 m - a book of Frost

   Spells                             Type                      Level
   a - Freeze                         Ice                          1
   b - Throw Frost                    Conjuration/Ice              2
   c - Ozocubu's Armour               Charms/Ice                   3
   d - Throw Icicle                   Conjuration/Ice              4
   e - Summon Ice Beast               Ice/Summoning                4
 v - a book of Necromancy

   Spells                             Type                      Level
   a - Pain                           Necromancy                   1
   b - Animate Skeleton               Necromancy                   1
   c - Vampiric Draining              Necromancy                   3
   d - Regeneration                   Charms/Necromancy            3
   e - Animate Dead                   Necromancy                   4
 y - a book of Callings

   Spells                             Type                      Level
   a - Summon Small Mammal            Summoning                    1
   b - Call Imp                       Summoning                    2
   c - Call Canine Familiar           Summoning                    3
   d - Summon Guardian Golem          Hexes/Summoning              3
   e - Summon Lightning Spire         Summoning/Air                4
   f - Summon Ice Beast               Ice/Summoning                4
 F - a book of Changes

   Spells                             Type                      Level
   a - Beastly Appendage              Transmutation                1
   b - Sticks to Snakes               Transmutation                2
   c - Spider Form                    Transmutation/Poison         3
   d - Ice Form                       Ice/Transmutation            4
   e - Blade Hands                    Transmutation                5
Comestibles
 c - 20 rations
 Q - 3 chunks of flesh


   Skills:
 + Level 6.7 Fighting
 - Level 4.0 Throwing
 + Level 4.4 Dodging
 + Level 11.6 Unarmed Combat
 - Level 4.0 Spellcasting
 - Level 3.0 Charms
 - Level 3.0 Necromancy
 - Level 11.0 Transmutations
 - Level 2.0 Ice Magic
 - Level 2.0 Poison Magic
 - Level 4.0 Invocations


You had one spell level left.
You knew the following spells:

 Your Spells              Type           Power        Failure   Level  Hunger
a - Beastly Appendage     Tmut           #####.       1%          1    None
b - Sticks to Snakes      Tmut           #####...     1%          2    ##.....
c - Spider Form           Tmut/Pois      ####......   3%          3    ###....
d - Blade Hands           Tmut           #####.....   4%          5    ######.
e - Regeneration          Chrm/Necr      ##........   12%         3    ###....
f - Ice Form              Ice/Tmut       ####....     10%         4    ####...


Dungeon Overview and Level Annotations

Branches:
Dungeon (11/15)            Temple (1/1) D:5            Lair (1/6) D:11
    Orc (0/2) D:9

Altars:
Ashenzari
Cheibriados
Dithmenos
Elyvilon
Fedhas
Gozag
Hepliaklqana
Kikubaaqudgha
Makhleb
Nemelex Xobeh
Okawaru
Qazlal
Ru
Sif Muna
Trog
Uskayaw
Vehumet
Wu Jian
Xom
Yredelemnul
Zin
The Shining One


Innate Abilities, Weirdness & Mutations

((You can breathe wild blasts of lightning.))
((Your glossy black scales are hard. (AC +8)))
You cannot fit into any form of body armour.
((You are resistant to electric shocks. (rElec)))
((You are cold-blooded and may be slowed by cold attacks.))
You possess an exceptional clarity of mind.
You are occasionally teleported next to monsters.


Message History

The six-headed hydra bites you. The six-headed hydra bites you! x3
The six-headed hydra completely misses you.
The six-headed hydra closely misses you.
You punch the six-headed hydra! You freeze the six-headed hydra!
The six-headed hydra is moderately wounded.
The six-headed hydra bites you. The six-headed hydra bites you! x2
* * * LOW HITPOINT WARNING * * *
The six-headed hydra bites you but does no damage.
The six-headed hydra bites you!
* * * LOW HITPOINT WARNING * * *
The six-headed hydra bites you.
* * * LOW HITPOINT WARNING * * *
You fade into invisibility!
The six-headed hydra completely misses you.
The six-headed hydra bites you.
* * * LOW HITPOINT WARNING * * *
The six-headed hydra bites you!
* * * LOW HITPOINT WARNING * * *
The six-headed hydra bites you!
You die...

.......................#
.......................#
.......................#
...#...................#
#........#.....##.....##
#..............###....#
#................F.§..#
......................##
......#Y.#...P# . #...
#D#....##
..##..##.#.....#
...#..#..##...##
.#.......†.....#
..............P#
..............##
..............#
#......†..##..#


You could see a six-headed hydra and a blink frog.

Vanquished Creatures
  The ghost of ThereIsNoGod the Grappler, a journeyman TrMo of Cheibriados (D:11)
  The ghost of ThereIsNoGod the Grappler, a journeyman TrMo of Cheibriados (D:11)
  A centaur warrior (D:11)
  2 two-headed ogres
  Urug (D:10)
  An unseen horror (D:11)
  2 ugly things (D:11)
  A centaur zombie (D:10)
  An elephant (D:11)
  A spiny frog (Lair:1)
  A komodo dragon (Lair:1)
  The ghost of Lathuz the Conjurer, a novice DEFE (D:6)
  2 blink frogs (Lair:1)
  3 hippogriffs
  16 yaks
  A wyvern (D:9)
  A wraith (D:11)
  Grum (D:9)
  A basilisk (D:11)
  2 hungry ghosts
  Edmund (D:4)
  A soldier ant (D:11)
  2 water moccasins
  An orc warrior (D:11)
  2 sky beasts
  2 black bears
  An ice beast (D:7)
  A necrophage (D:10)
  8 ogres
  3 phantoms
  2 wolves (D:9)
  3 centaurs
  A crocodile (D:11)
  A big kobold (D:7)
  4 bullfrogs
  A wyvern skeleton (D:10)
  3 scorpions
  5 wights
  13 killer bees
  4 howler monkeys
  A crimson imp (D:4)
  A quasit (D:11)
  A bullfrog zombie (D:9)
  2 centaur skeletons (D:5)
  An orc priest (D:4)
  6 hounds
  3 jellies
  2 iguanas
  4 orc wizards
  6 worker ants
  Terence (D:3)
  2 hound zombies
  2 hound skeletons
  4 gnolls (D:4)
  A howler monkey skeleton (D:8)
  9 adders
  2 shadow imps
  An adder zombie (D:8)
  An ooze (D:6)
  2 adder skeletons
  A worm (D:2)
  4 dart slugs
  3 leopard geckos
  20 orcs
  7 giant cockroaches
  13 goblins
  6 hobgoblins
  15 jackals
  16 kobolds
  5 quokkas
  3 ball pythons
  8 bats
  8 frilled lizards
  A jackal skeleton (D:5)
  A leopard gecko zombie (D:5)
  A quokka zombie (D:8)
  5 rats
269 creatures vanquished.

Vanquished Creatures (others)
  A plant (Lair:1)
1 creature vanquished.

Grand Total: 270 creatures vanquished

Notes
Turn   | Place    | Note
-------+----------+-------------------------------------------
     0 | D:1      | sankara the Draconian Transmuter began the quest for the Orb.
     0 | D:1      | Reached XP level 1. HP: 16/16 MP: 3/3
    48 | D:1      | Reached XP level 2. HP: 22/23 MP: 5/5
    52 | D:1      | Learned a level 2 spell: Sticks to Snakes
   391 | D:1      | Reached XP level 3. HP: 21/28 MP: 4/6
   631 | D:1      | Learned a level 3 spell: Spider Form
  1050 | D:2      | Found a faded altar of an unknown god.
  1178 | D:2      | Found a deep blue altar of Sif Muna.
  1318 | D:2      | Reached skill level 1 in Poison Magic
  1546 | D:2      | Reached XP level 4. HP: 32/35 MP: 1/7
  1958 | D:3      | Noticed Terence
  1970 | D:3      | Killed Terence
  3222 | D:4      | Reached XP level 5. HP: 13/40 MP: 5/8
  3491 | D:4      | Noticed Edmund
  3514 | D:4      | Killed Edmund
  3514 | D:4      | Reached XP level 6. HP: 8/47 MP: 7/9
  4109 | D:4      | Reached skill level 5 in Transmutations
  4249 | D:4      | Found a stormy altar of Qazlal.
  4301 | D:4      | Reached skill level 5 in Unarmed Combat
  5096 | D:5      | Entered Level 5 of the Dungeon
  5218 | D:5      | Your scales start taking on a glossy black colour.
  5218 | D:5      | Reached XP level 7. HP: 46/52 MP: 8/10
  5218 | D:5      | Gained mutation: You are resistant to electric shocks. (rElec) [Black Draconian growth]
  5251 | D:5      | Found a staircase to the Ecumenical Temple.
  5265 | Temple   | Entered the Ecumenical Temple
  5358 | Temple   | Became a worshipper of Makhleb the Destroyer
  6466 | D:6      | Reached XP level 8. HP: 53/59 MP: 7/11
  6603 | D:6      | Noticed Lathuz's ghost (novice DEFE)
  6614 | D:6      | Killed Lathuz's ghost
  7214 | D:6      | Noticed a two-headed ogre
  7234 | D:6      | Killed a two-headed ogre
  7234 | D:6      | Reached * piety under Makhleb
  7234 | D:6      | Reached XP level 9. HP: 19/64 MP: 10/12
  7467 | D:6      | Found an ornate altar of the Wu Jian Council.
  7478 | D:6      | Found a hazy altar of Hepliaklqana.
  7578 | D:6      | Learned a level 5 spell: Blade Hands
  8512 | D:7      | Identified a scroll of acquirement
  8513 | D:7      | Got a crude iron ring
  8514 | D:7      | Identified the ring "Fytwisch" {Int+2 Slay+2} (You acquired it on level 7 of the Dungeon)
  8695 | D:7      | HP: 3/64 [poisoned by a water moccasin]
  8703 | D:7      | HP: 2/64 [poisoned by a water moccasin]
  8711 | D:7      | HP: 1/64 [poisoned by a water moccasin]
  9865 | D:8      | Reached skill level 10 in Transmutations
  9904 | D:7      | Reached skill level 10 in Unarmed Combat
 10114 | D:8      | Reached ** piety under Makhleb
 10135 | D:8      | Learned a level 3 spell: Regeneration
 10375 | D:8      | Found a flagged portal.
 10398 | D:8      | Reached XP level 10. HP: 71/71 MP: 8/14
 10414 | D:8      | Reached skill level 1 in Necromancy
 10437 | D:8      | Reached skill level 1 in Charms
 11315 | D:9      | Gained mutation: You are occasionally teleported next to monsters. [potion of mutation]
 11315 | D:9      | Gained mutation: You possess an exceptional clarity of mind. [potion of mutation]
 11458 | D:9      | Found a staircase to the Orcish Mines.
 11500 | D:9      | Noticed Grum
 11504 | D:9      | Killed Grum
 11937 | D:10     | Entered Level 10 of the Dungeon
 11945 | D:10     | Noticed Urug
 11951 | D:10     | Killed Urug
 12455 | D:10     | Reached skill level 1 in Invocations
 12460 | D:10     | Reached skill level 1 in Throwing
 12719 | D:11     | Noticed a cyan ugly thing
 12727 | D:11     | Killed a cyan ugly thing
 12738 | D:11     | Noticed ThereIsNoGod's ghost (journeyman TrMo)
 12738 | D:11     | Reached *** piety under Makhleb
 12738 | D:11     | Reached XP level 11. HP: 43/84 MP: 13/17
 12779 | D:10     | Learned a level 4 spell: Ice Form
 12899 | D:11     | Noticed a two-headed ogre
 12912 | D:11     | Noticed a cyan ugly thing
 12912 | D:11     | Killed a two-headed ogre
 12920 | D:11     | Killed a cyan ugly thing
 12920 | D:11     | Reached skill level 1 in Ice Magic
 13070 | D:11     | Noticed a centaur warrior
 13076 | D:11     | Killed a centaur warrior
 13076 | D:11     | Reached skill level 5 in Fighting
 13092 | D:11     | Noticed ThereIsNoGod's ghost (journeyman TrMo)
 13103 | D:11     | Killed ThereIsNoGod's ghost
 13816 | D:11     | Killed ThereIsNoGod's ghost
 13837 | D:11     | Found a staircase to the Lair.
 14317 | D:11     | Killed an unseen horror
 15022 | Lair:1   | Entered Level 1 of the Lair of Beasts
 15076 | Lair:1   | Reached XP level 12. HP: 97/97 MP: 18/18
 15077 | Lair:1   | Noticed a six-headed hydra
 15096 | Lair:1   | HP: 1/116 [six-headed hydra (11)]
 15096 | Lair:1   | Mangled by a six-headed hydra

Vault maps used:
D:1:      minmay_arrival_diagonal_passages
D:2:      led_sif_pool, chequers_ecumenical_altar_simple_redux, serial_forest,
          infiniplex_forest_clump_curved, infiniplex_forest_straight_2,
          infiniplex_forest_straight_1, infiniplex_forest_lined_2,
          infiniplex_forest_straight_2, serial_bayou_pond_e
D:3:      first_ration, grunt_decor_one_mirror, uniq_terence
D:4:      nicolae_qazlal_general_emergency, grunt_ministairs_5,
          hangedman_decor_riveting, cheibrodos_gnoll_hut, uniq_edmund
D:5:      temple_pool_b
D:6:      grunt_temple_overflow_open
D:7:      minmay_misc_feat_pillars, grunt_ogre_cave
D:8:      enter_bailey_3
D:9:      orc_0_dummy, uniq_grum
D:10:     uniq_urug
D:11:     david_lair_generic
Temple:   compressed_dpeg_circular_temple
Lair:1:   minmay_lair_oklob_bushes

Skill      XL: |  1  2  3  4  5  6  7  8  9 10 11 |
---------------+----------------------------------+-----
Transmutations | 3 4 5 6 8 10 11 | 11.0
Poison Magic   | 1 2 |  2.0
Unarmed Combat | 4 5 6 8 10 11 | 11.6
Spellcasting   | 3 4 |  4.0
Necromancy     | 2 3 |  3.0
Charms         | 2 3 |  3.0
Fighting       | 4 6 |  6.7
Invocations    | 2 4 |  4.0
Throwing       | 2 4 |  4.0
Dodging        | 4 |  4.4
Ice Magic      | 2 |  2.0

Action                   |  1- 3 |  4- 6 |  7- 9 | 10-12 || total
-------------------------+-------+-------+-------+-------++-------
Melee: Unarmed           |   125 |   168 |   297 |   272 ||   862
       Tailslap          |     7 |     5 |    17 |    25 ||    54
       Headbutt          |     6 |     3 |     3 |       ||    12
       Kick              |     9 |     2 |     3 |       ||    14
       Punch             |     1 |     1 |     3 |     9 ||    14
Throw: Stone             |       |     4 |    17 |       ||    21
       Javelin           |       |       |       |     4 ||     4
 Cast: Beastly Appendage |    24 |    11 |     9 |       ||    44
       Spider Form       |     4 |    17 |    32 |     1 ||    54
       Blade Hands       |       |       |     9 |    41 ||    50
       Sticks to Snakes  |       |       |     1 |     8 ||     9
       Regeneration      |       |       |     1 |    32 ||    33
       Ice Form          |       |       |       |     2 ||     2
 Abil: End Transformatio |       |       |     1 |     1 ||     2
  Use: Potion            |       |     6 |     2 |    12 ||    20
       Scroll            |       |     3 |     7 |       ||    10
 Stab: Sleeping          |     2 |       |     1 |     1 ||     4
  Eat: Chunk             |     3 |    12 |    17 |    26 ||    58
       Ration            |       |     1 |     2 |     3 ||     6
Armor: Skin              |    30 |    16 |    28 |    75 ||   149
Dodge: Dodged            |    82 |   116 |   209 |   175 ||   582

Table legend:
 A = Spawn XP
 B = Non-spawn XP
 C = Spawn XP percentage of total XP
 D = Spawn monster count
 E = Non-spawn monster count
 F = Spawn count percentage of total count
 G = Total turns spent on level
                    A         B        C        D         E        F      G
               +---------+---------+-------+---------+---------+-------+---------
         Total |       0 |   22493 |   0.0 |       0 |     269 |   0.0 | 15096
               +---------+---------+-------+---------+---------+-------+---------
           D:1 |       0 |      57 |   0.0 |       0 |      35 |   0.0 |   804
           D:2 |       0 |      46 |   0.0 |       0 |      18 |   0.0 |  1048
           D:3 |       0 |      68 |   0.0 |       0 |      14 |   0.0 |  1207
           D:4 |       0 |     521 |   0.0 |       0 |      14 |   0.0 |  2080
           D:5 |       0 |     650 |   0.0 |       0 |      29 |   0.0 |  1194
           D:6 |       0 |    2085 |   0.0 |       0 |      21 |   0.0 |  1658
           D:7 |       0 |    1268 |   0.0 |       0 |      24 |   0.0 |  2105
           D:8 |       0 |    1376 |   0.0 |       0 |      35 |   0.0 |   887
           D:9 |       0 |    1371 |   0.0 |       0 |      20 |   0.0 |   827
          D:10 |       0 |    3020 |   0.0 |       0 |      13 |   0.0 |  1421
          D:11 |       0 |   10526 |   0.0 |       0 |      41 |   0.0 |  1664
        Lair:1 |       0 |    1505 |   0.0 |       0 |       5 |   0.0 |    74
               +---------+---------+-------+---------+---------+-------+---------
